 Dungeon Crawl Stone Soup version 0.28.0 (webtiles) character file.

Game seed: 9120135321021992800

158 browni3141 the Skirmisher (level 5, -1/34 HPs)
             Began as a Gargoyle Berserker on Feb 16, 2022.
             Was a Believer of Trog.
             Slain by an orc (3 damage)
             ... on level 4 of the Dungeon.
             The game lasted 00:01:11 (2736 turns).

browni3141 the Skirmisher (Gargoyle Berserker)      Turns: 2736, Time: 00:01:12

Health: -1/34      AC: 13    Str: 28    XL:     5   Next: 39%
Magic:  5/5        EV:  9    Int:  8    God:    Trog [**....]
Gold:   92         SH:  0    Dex:  9    Spells: 4/4 levels left

rFire   . . .      SeeInvis .   a - +0 hand axe
rCold   . . .      Faith    .   (no shield)
rNeg    + . .      Spirit   .   g - +0 chain mail
rPois   ∞          Reflect  .   (no helmet)
rElec   +          Harm     .   (no cloak)
rCorr   .          Rampage  .   (no gloves)
Will    .....                   (no boots)
Stlth   ..........              (no amulet)
HPRegen 0.11/turn               c - +6 ring of strength
MPRegen 0.09/turn               (no ring)

@: on berserk cooldown
A: sickness immunity, AC +4, negative energy resistance 1, electricity
resistance, torment resistance 1, petrification resistance
a: Renounce Religion, Berserk, Trog's Hand


You were on level 4 of the Dungeon.
You worshipped Trog.
Trog was pleased with you.
You visited 1 branch of the dungeon, and saw 4 of its levels.

You collected 92 gold pieces.

Inventory:

Hand Weapons
 a - a +0 hand axe (weapon)
Armour
 b - a +0 animal skin
 g - a +0 chain mail (worn)
Jewellery
 c - a +6 ring of strength (left hand)
Scrolls
 d - a scroll of summoning {unknown}
 e - 6 scrolls of identify {unknown}
 i - a scroll of amnesia {unknown}
Potions
 f - a potion of curing {unknown}
 h - a potion of resistance {unknown}
 j - a potion of lignification {unknown}


   Skills:
 + Level 4.5 Fighting
 + Level 3.7 Axes
 + Level 3.7 Armour
 - Level 1.9 Dodging


You had 4 spell levels left.
You didn't know any spells.
Your spell library was empty.

Dungeon Overview and Level Annotations

Branches:
Dungeon (4/15)
 Temple: D:4-7

Altars:
Uskayaw


Innate Abilities, Weirdness & Mutations

You are immune to sickness and miasma.
Your stone body is resilient. (AC +4)
You are immune to poison.
You resist negative energy. (rN+)
You are resistant to electric shocks. (rElec)
You are resistant to unholy torment.
You are immune to petrification.


Message History

You are too confused!
You closely miss something.
Something hits you but does no damage. x2
You are too confused!
You closely miss something. Something hits you.
You are too confused!
You slash something! Trog accepts your kill.
Trog appreciates your killing of a magic user.
Reactivating autopickup.
You feel a bit more experienced.
You are too confused!
You feel less confused. The orc hits you with a +0 dagger.
You slash the orc!
You kill the orc!
Trog accepts your kill.
You hit the orc.
The orc is severely wounded.
The orc closely misses you. The orc hits you with a +0 hand axe.
* * * LOW HITPOINT WARNING * * *
You are too injured to fight recklessly!
You barely miss the orc.
The orc is severely wounded.
The orc hits you with a +0 hand axe.
* * * LOW HITPOINT WARNING * * *
The orc hits you with a +0 hand axe.
* * * LOW HITPOINT WARNING * * *
You are too injured to fight recklessly!
You hit the orc but do no damage.
The orc is severely wounded.
You feel yourself speed up. The orc closely misses you.
You hit the orc.
You kill the orc!
Trog accepts your kill.
You are too injured to fight recklessly!
You closely miss the orc. The orc hits you but does no damage.
You are too injured to fight recklessly!
You closely miss the orc. The orc hits you with a +0 whip.
You die...

##### #... ##.##
#.######...####.###.
#.....<....@oo......
#.######..)####.####
##.## #... #####


You could see 2 orcs.

Vanquished Creatures
  An orc priest (D:4)
  An orc wizard (D:4)
  Terence (D:3)
  A gnoll (D:3)
  2 adders
  4 orcs (D:4)
  2 bats
  8 endoplasms
  A giant cockroach (D:1)
  2 goblins
  8 hobgoblins
  7 kobolds
  5 ball pythons
  2 frilled lizards (D:1)
  3 rats
48 creatures vanquished.

Notes
Turn   | Place    | Note
-------+----------+-------------------------------------------
     0 | D:1      | browni3141 the Gargoyle Berserker began the quest for the
                  | Orb.
     0 | D:1      | Reached XP level 1. HP: 14/14 MP: 1/1
   200 | D:1      | Reached XP level 2. HP: 8/19 MP: 2/2
   910 | D:1      | Reached XP level 3. HP: 19/23 MP: 3/3
  1263 | D:2      | Reached ** piety under Trog
  1875 | D:3      | Found a faded altar of an unknown god.
  2075 | D:3      | Found a hide-covered altar of Uskayaw.
  2418 | D:3      | Noticed Terence
  2428 | D:3      | Killed Terence
  2429 | D:3      | Reached skill level 4 in Fighting
  2429 | D:3      | Reached XP level 4. HP: 29/29 MP: 4/4
  2709 | D:4      | Reached XP level 5. HP: 34/34 MP: 5/5
  2732 | D:4      | HP: 1/34 [orc (3)]
  2736 | D:4      | Slain by an orc

Illustrated notes

Levels and vault maps discovered:
D:1:      saegor_arrival_simple_e, layout_rooms
D:2:      wander_river, layout_basic
D:3:      layout_basic, nicolae_uskayaw_dance_hall,
          hellmonk_ecumenical_altar_run_dry, minmay_cut_off, uniq_terence
D:4:      layout_loops_cross, nicolae_qazlal_eye_of_the_storm, serial_shops,
          kennysheep_mini, minmay_shop_mass, uniq_robin

Skill      XL: |  1  2  3 |
---------------+----------+-----
Axes           | 3 |  3.7
Armour         | 3 |  3.7
Fighting       | 4 |  4.5
Dodging        | |  1.9

Action                   |  1- 3 |  4- 6 || total
-------------------------+-------+-------++-------
Melee: Hand axe          |   112 |    47 ||   159
       Punch             |     1 |     1 ||     2
Invok: Berserk           |     1 |     1 ||     2
 Stab: Sleeping          |     1 |       ||     1
Armor: Animal skin       |    35 |       ||    35
       Chain mail        |    15 |    22 ||    37
Dodge: Dodged            |    83 |     6 ||    89
